 Dungeon Crawl Stone Soup version 0.24-a0-513-g284f782df5 (webtiles) character file.

Game seed: 2771577292522600842

326 Arthanis the Magician (level 6, 0/32 HPs)
             Began as a Deep Elf Air Elementalist on July 20, 2019.
             Was an Initiate of Vehumet.
             Slain by a worker ant (5 damage)
             ... on level 4 of the Dungeon.
             The game lasted 00:08:01 (2596 turns).

Arthanis the Magician (Deep Elf Air Elementalist)   Turns: 2596, Time: 00:08:01

Health: 0/32       AC:  3    Str:  8    XL:     6   Next: 24%
Magic:  8/15       EV: 13    Int: 22    God:    Vehumet [......]
Gold:   298        SH:  0    Dex: 15    Spells: 3/15 levels left

rFire    . . .     SeeInvis +   m - -3 mace (curse)
rCold    . . .     Gourm    .   (no shield)
rNeg     . . .     Faith    .   a - +0 robe
rPois    .         Spirit   .   (no helmet)
rElec    .         Reflect  .   (no cloak)
rCorr    .         Harm     .   v - +0 pair of gloves
MR       .....                  (no boots)
Stlth    ++........             (no amulet)
HPRegen  0.10/turn              r - ring of see invisible
MPRegen  0.14/turn              o - +3 ring of strength

@: no status effects
A: no striking features
a: Renounce Religion


You were on level 4 of the Dungeon.
You worshipped Vehumet.
Vehumet was noncommittal.
You were not hungry.

You visited 2 branches of the dungeon, and saw 5 of its levels.

You collected 298 gold pieces.

Inventory:

Hand Weapons
 b - a +0 dagger
 m - a cursed -3 mace (weapon)
Armour
 a - a +0 robe (worn)
 v - a +0 pair of gloves (worn)
Magical Staves
 x - an uncursed staff of energy {unknown}
Jewellery
 o - a +3 ring of strength (right hand)
 r - a ring of see invisible (left hand)
Wands
 u - a wand of flame (14)
Scrolls
 d - a scroll of blinking {unknown}
 g - 2 scrolls of teleportation {unknown}
 i - 3 scrolls of remove curse {unknown}
 q - 4 scrolls of identify {unknown}
 s - 2 scrolls of enchant armour {unknown}
 t - a scroll of magic mapping {unknown}
 w - a scroll of amnesia {unknown}
Potions
 e - a potion of curing {unknown}
 f - a potion of heal wounds {unknown}
 h - a potion of might {unknown}
 j - a potion of resistance {unknown}
 k - a potion of ambrosia {unknown}
 l - a potion of mutation {unknown}
 n - a potion of lignification {unknown}
 p - a potion of invisibility {unknown}
Comestibles
 c - 4 rations


   Skills:
 - Level 2.4 Dodging
 - Level 2.4 Stealth
 + Level 5.0 Spellcasting
 * Level 5.0 Conjurations
 + Level 4.3 Air Magic


You had 3 spell levels left.
You knew the following spells:

 Your Spells              Type           Power        Failure   Level  Hunger
a - Shock                 Conj/Air       ####         1%          1    None
b - Swiftness             Chrm/Air       ###.....     6%          2    None
c - Airstrike             Air            ###.......   17%         4    ####...
d - Lightning Bolt        Conj/Air       ####......   38%         5    #####..

Your spell library contained the following spells:

 Spells                   Type           Power        Failure   Level  Hunger
 Static Discharge         Conj/Air       ####....     4%          3    ##.....


Dungeon Overview and Level Annotations

Branches:
Dungeon (4/15)             Temple (1/1) D:4

Altars:
Ashenzari
Cheibriados
Dithmenos
Elyvilon
Fedhas
Gozag
Hepliaklqana
Kikubaaqudgha
Makhleb
Nemelex Xobeh
Okawaru
Qazlal
Sif Muna
Trog
Uskayaw
Vehumet
Wu Jian
Xom
Yredelemnul
Zin
The Shining One

Annotations:
D:4 Dowan, Duvessa


Message History

The zap hits the worker ant.
The worker ant is heavily wounded.
Casting: Shock (safe; 1% risk of failure)
Confirm with . or Enter, or press ? or * to list all spells.
Aiming: Shock (safe; 1% risk of failure)
Press: ? - help, Shift-Dir - straight line, f/p - worker ant
Aim: a worker ant (heavily wounded)
The zap hits the worker ant.
The worker ant is heavily wounded.
The worker ant bites you.
* * * LOW HITPOINT WARNING * * *
Casting: Shock (safe; 1% risk of failure)
Confirm with . or Enter, or press ? or * to list all spells.
Aiming: Shock (safe; 1% risk of failure)
Press: ? - help, Shift-Dir - straight line, f/p - worker ant
Aim: a worker ant (heavily wounded)
The zap hits the worker ant.
The worker ant is almost dead.
The worker ant bites you.
You die...

# #.# #### #)# #... #†#
#... #.# ##... #)# ##....
#o###########...#.
########.#.........#.###.
.......a@..............#.
>.....%..................
####.#......#########....
# #......# #.... #......#
#.... +......# ......
#........ .....##
#####..... ...... #
#..... ...... #


You could see a worker ant and an orc.

Vanquished Creatures
  A scorpion (D:4)
  2 hounds
  An orc priest (D:4)
  Jessica (D:2)
  An orc wizard (D:4)
  A worker ant (D:4)
  4 adders
  3 worms
  A dart slug (D:1)
  A leopard gecko (D:3)
  2 orcs (D:4)
  4 bats
  4 giant cockroaches
  10 goblins
  4 hobgoblins
  A quokka (D:2)
  3 ball pythons (D:2)
  6 frilled lizards
  8 kobolds
  13 rats
71 creatures vanquished.

Notes
Turn   | Place    | Note
-------+----------+-------------------------------------------
     0 | D:1      | Arthanis the Deep Elf Air Elementalist began the quest for
                  | the Orb.
     0 | D:1      | Reached XP level 1. HP: 10/10 MP: 6/6
    97 | D:1      | Reached XP level 2. HP: 13/15 MP: 4/8
   461 | D:1      | Reached XP level 3. HP: 19/19 MP: 7/10
   465 | D:1      | Learned a level 2 spell: Swiftness
   870 | D:2      | Found a shimmering altar of Xom.
   879 | D:2      | Noticed Jessica
  1022 | D:2      | Killed Jessica
  1022 | D:2      | Reached XP level 4. HP: 20/24 MP: 3/11
  1094 | D:2      | Learned a level 4 spell: Airstrike
  1671 | D:3      | Reached XP level 5. HP: 28/28 MP: 8/13
  1690 | D:3      | Learned a level 5 spell: Lightning Bolt
  2133 | D:4      | Found a basalt altar of Yredelemnul.
  2133 | D:4      | Found a glowing silver altar of Zin.
  2276 | D:4      | Reached XP level 6. HP: 11/32 MP: 10/15
  2283 | D:4      | Found a staircase to the Ecumenical Temple.
  2293 | Temple   | Entered the Ecumenical Temple
  2454 | Temple   | Became a worshipper of Vehumet
  2537 | D:4      | Noticed Duvessa
  2537 | D:4      | Noticed Dowan
  2592 | D:4      | Reached skill level 5 in Spellcasting
  2592 | D:4      | Reached skill level 5 in Conjurations
  2596 | D:4      | Slain by a worker ant

Levels and vault maps discovered:
D:1:      saegor_arrival_under_anarchy, layout_basic, minmay_rat_gold_closets
D:2:      layout_basic, old_standard_altar, first_ration, uniq_jessica
D:3:      layout_basic
D:4:      layout_basic, lemuel_doored_altar,
          chequers_temple_overflow_statue_of_worship, minmay_temple_entry_tees,
          uniq_duvessa
Temple:   hc_temple_tempest_star

Skill      XL: |  1  2  3  4  5  6 |
---------------+-------------------+-----
Conjurations   | 2 3 4 5 |  5.0
Spellcasting   | 4 5 |  5.0
Air Magic      | 4 |  4.3
Dodging        | |  2.4
Stealth        | |  2.4

Action                   |  1- 3 |  4- 6 || total
-------------------------+-------+-------++-------
Melee: Mace              |       |     1 ||     1
 Cast: Shock             |    62 |    87 ||   149
  Eat: Chunk             |       |     4 ||     4
       Ration            |       |     1 ||     1
Armor: Robe              |     7 |     4 ||    11
Dodge: Dodged            |    16 |    13 ||    29

Table legend:
 A = Non-vault XP
 B = Vault XP
 C = Vault XP percentage of total XP
 D = Non-vault monster count
 E = Vault monster count
 F = Vault count percentage of total count
                 A         B        C        D         E       F
            +---------+---------+-------+---------+---------+-------
      Total |     423 |      44 |   9.4 |      63 |       8 |  11.3
            +---------+---------+-------+---------+---------+-------
        D:1 |      42 |       7 |  14.3 |      22 |       7 |  24.1
        D:2 |      94 |      37 |  28.2 |      23 |       1 |   4.2
        D:3 |      53 |       0 |   0.0 |      10 |       0 |   0.0
        D:4 |     234 |       0 |   0.0 |       8 |       0 |   0.0
            +---------+---------+-------+---------+---------+-------
